 Dungeon Crawl Stone Soup version 0.18-a0-1773-gec4f98e (webtiles) character file.

131 epen the Ducker (level 5, -8/45 HPs)
             Began as a Naga Gladiator on Apr 14, 2016.
             Mangled by Natasha (11 damage)
             ... on level 2 of the Dungeon.
             The game lasted 00:02:45 (2402 turns).

epen the Ducker (Naga Gladiator)                    Turns: 2402, Time: 00:02:46

Health: -8/45      AC:  4    Str: 19    XL:     5   Next: 14%
Magic:  5/5        EV: 10    Int:  8    God:
Gold:   94         SH:  5    Dex: 11    Spells: 0 memorised, 4 levels left

rFire  . . .     SeeInvis +     a - +0 long sword
rCold  . . .     Gourm    .     b - +0 leather armour
rNeg   . . .     Faith    .     e - +2 buckler
rPois  +         Spirit   .     c - +0 helmet
rElec  .         Dismiss  .     (no cloak)
rCorr  .         Reflect  .     (no gloves)
SustAt .         Harm     .     (no barding)
MR     .....                    (no amulet)
Stlth  +.........               (no ring)
                                (no ring)

@: short of breath, very slow, not resistant to hostile enchantments, very
unstealthy
A: see invisible, deformed body, poison resistance, slowness 2, slow metabolism
1, spit poison 2, AC +1
a: Spit Poison


You were on level 2 of the Dungeon.
You were not hungry.

You visited 1 branch of the dungeon, and saw 2 of its levels.

You collected 94 gold pieces.

Inventory:

Hand Weapons
 a - a +0 long sword (weapon)
Missiles
 d - 3 throwing nets (quivered)
Armour
 b - a +0 leather armour (worn)
 c - a +0 helmet (worn)
 e - a +2 buckler (worn)
Scrolls
 g - a scroll of fog {unknown}
 i - 2 scrolls of identify {unknown}
 j - a scroll of magic mapping {unknown}
 n - a scroll of remove curse {unknown}
 o - 3 scrolls of enchant weapon {unknown}
Potions
 h - a potion of curing {unknown}
 k - 2 potions of brilliance {unknown}
 l - a potion of might
 m - a potion of lignification {unknown}
Comestibles
 f - 4 bread rations


   Skills:
 - Level 2.0 Fighting
 * Level 4.0 Long Blades
 - Level 1.7 Throwing
 * Level 4.1 Dodging
 + Level 0.0 Stealth


You had 4 spell levels left.
You didn't know any spells.

Dungeon Overview and Level Annotations

Branches:
Dungeon (2/15)

Altars:

Annotations:
D:2 Natasha


Innate Abilities, Weirdness & Mutations

You cannot wear boots.
Your serpentine skin is tough (AC +1).
You have supernaturally acute eyesight.
Armour fits poorly on your strangely shaped body.
Your system is resistant to poisons.
You cover ground very slowly.
You have a slow metabolism.
You can spit poison.


Message History

Found 22 stones and 11 gold pieces.
Natasha stares at you and mumbles some strange words.
The magic dart hits you!
You barely miss Natasha. Natasha claws you.
Press: ? - help, Shift-Dir - straight line, f - Natasha
Aim: Natasha (unusually strong)
The splash of poison hits Natasha.
Natasha is poisoned.
Natasha is moderately wounded.
You feel slightly more hungry. Natasha casts a spell at you.
The magic dart hits you!
You hit Natasha.
Natasha is severely wounded.
Natasha claws you!
* * * LOW HITPOINT WARNING * * *
Natasha claws you but does no damage.
You closely miss Natasha.
Natasha is severely wounded.
Natasha claws you!
You die...

######'#.#
#.#.....#.. #.#.#
# #........ #.#..
# ##.......
#.#..#$#....#...#.
#.#...(..##.##....
##.##.#.# #. #....
#.$...#. # #.###
#..#### #.##. #.@#
#.##. #..h....#
#.... #..)..#..#
### #.....# #
#.....# #.....'
#.....## #......


You could see Natasha.

Vanquished Creatures
  Jessica (D:2)
  Natasha (D:2)
  5 adders
  An ooze (D:1)
  A dart slug (D:1)
  2 giant geckos
  A ball python (D:2)
  2 giant cockroaches
  2 hobgoblins (D:1)
  3 kobolds
  A quokka (D:2)
  7 bats
  A giant newt (D:1)
  3 goblins
  3 rats (D:2)
34 creatures vanquished.

Notes
Turn   | Place    | Note
--------------------------------------------------------------
     0 | D:1      | epen the Naga Gladiator began the quest for the Orb.
     0 | D:1      | Reached XP level 1. HP: 19/19 MP: 1/1
   321 | D:1      | Reached XP level 2. HP: 20/26 MP: 2/2
  1268 | D:1      | Reached XP level 3. HP: 24/32 MP: 3/3
  1725 | D:2      | Noticed Jessica
  1731 | D:2      | Killed Jessica
  1731 | D:2      | Reached XP level 4. HP: 37/39 MP: 4/4
  2356 | D:2      | Noticed Natasha
  2358 | D:2      | Killed Natasha
  2358 | D:2      | Reached XP level 5. HP: 37/45 MP: 5/5
  2396 | D:2      | Noticed Natasha
  2402 | D:2      | Mangled by Natasha

Vault maps used:
D:1:      mainiacjoe_arrival_reflecting_pool
D:2:      uniq_iyjb, uniq_natasha, uniq_jessica

Skill      XL: |  1  2  3  4 |
---------------+-------------+-----
Dodging        | 3 4 |  4.1
Long Blades    | 4 |  4.0
Fighting       | |  2.0
Throwing       | |  1.7

Action                   |  1- 3 |  4- 6 || total
-------------------------+-------+-------++-------
Melee: Long sword        |    72 |    51 ||   123
 Abil: Spit Poison       |     2 |     5 ||     7
  Eat: Chunk             |     1 |     2 ||     3
Armor: Leather armour    |    44 |    20 ||    64
Dodge: Dodged            |    52 |    26 ||    78
Block: Buckler           |    27 |    18 ||    45
